 Dungeon Crawl Stone Soup version 0.24-a0-433-gbe6fa4f6cc (webtiles) character file.

Game seed: 18192937556481181768

0 Gargoyl the Skirmisher (level 1, -16/19 HPs)
             Began as a Centaur Abyssal Knight on June 14, 2019.
             Was a Follower of Lugonu.
             Demolished by a tentacled starspawn (27 damage)
             ... on level 2 of the Abyss.
             The game lasted 00:00:20 (117 turns).

Gargoyl the Skirmisher (Centaur Abyssal Knight)      Turns: 117, Time: 00:00:21

Health: -16/19     AC:  4    Str: 14    XL:     1   Next: 0%
Magic:  2/2        EV:  9    Int: 11    God:    Lugonu [*.....]
Gold:   15         SH:  0    Dex:  8    Spells: 0/0 levels left

rFire    . . .     SeeInvis .   a - +1 hand axe
rCold    . . .     Gourm    .   (no shield)
rNeg     . . .     Faith    .   b - +0 leather armour
rPois    .         Spirit   .   (no helmet)
rElec    .         Reflect  .   (no cloak)
rCorr    .         Harm     .   (no gloves)
MR       .....                  (no barding)
Stlth    ..........             (no amulet)
HPRegen  0.06/turn              (no ring)
MPRegen  0.08/turn              (no ring)

@: very quick
A: large, hooves 3, deformed body, speed 2, tough skin 3
a: Depart the Abyss, Renounce Religion


You were on level 2 of the Abyss.
You worshipped Lugonu.
Lugonu was aware of your devotion.
You were not hungry.

You visited 0 branches of the dungeon, and saw 0 of its levels.
You visited the Abyss 1 time.

You collected 15 gold pieces.

Inventory:

Hand Weapons
 a - a +1 hand axe (weapon)
Armour
 b - a +0 leather armour (worn)
Comestibles
 c - a ration


   Skills:
 + Level 3.0 Fighting
 + Level 1.7 Axes
 + Level 1.3 Armour
 + Level 0.6 Dodging
 + Level 2.0 Invocations


You couldn't memorise any spells.
You didn't know any spells.
Your spell library was empty.

Dungeon Overview and Level Annotations

Branches:
Dungeon (0/15)

Altars:


Innate Abilities, Weirdness & Mutations

You have hooves in place of feet.
Armour fits poorly on your strangely shaped body.
You cover ground very quickly.
You have extremely tough skin. (AC +3)


Message History

A starspawn tentacle comes into view.
The starspawn tentacle completely misses you.
The starspawn tentacle grabs you. The starspawn tentacle constricts you.
You escape the starspawn tentacle's grasp.
You start waiting.
The tentacled starspawn is too close now for your liking.
You hit the tentacled starspawn.
The tentacled starspawn is lightly damaged.
Tentacles burst from the starspawn's body!
A tentacle flies out from the starspawn's body! 2 starspawn tentacles come into view.
You hit the tentacled starspawn.
The tentacled starspawn is lightly damaged.
The tentacled starspawn bites you. The tentacled starspawn engulfs you.
You barely miss the tentacled starspawn.
You kick the tentacled starspawn, but do no damage.
The tentacled starspawn is lightly damaged.
The tentacled starspawn bites you!!
Ouch! That really hurt!
You die...

.#.# # . ..
.#.#
.###....
##... .#
...... #..##
# ...##X #
#... #
#####. w─ .
#.###.... #.
.. .. ##
#..# .. .##
.
#w#######.#.
#.#.#.#
#XwX@...#.#
.#### ...
##w###### #
.# #. . #.#
# .# # # ###
#. .. # #
#..... . ..
. ## # ## ..
.#


You could see 2 tentacled starspawn and 3 starspawn tentacles.

Vanquished Creatures (others)
  5 starspawn tentacles (Abyss:2)
5 creatures vanquished.

Notes
Turn   | Place    | Note
-------+----------+-------------------------------------------
     0 | Abyss:1  | Gargoyl the Centaur Abyssal Knight began the quest for the
                  | Orb.
     0 | Abyss:1  | Reached XP level 1. HP: 19/19 MP: 2/2
    19 | Abyss:2  | Found a corrupted altar of Lugonu.
    64 | Abyss:2  | Noticed an Executioner
    69 | Abyss:2  | Noticed a tentacled starspawn
    71 | Abyss:2  | Noticed a tentacled starspawn
    71 | Abyss:2  | Noticed a worldbinder
    82 | Abyss:2  | Noticed a small abomination
   117 | Abyss:2  | Demolished by a tentacled starspawn

Levels and vault maps discovered:
Abyss:2:  minivault_25_ag

Action                   || total
-------------------------++-------
Melee: Hand axe          ||     3
       Kick              ||     1
Dodge: Dodged            ||     1

Table legend:
 A = Non-vault XP
 B = Vault XP
 C = Vault XP percentage of total XP
 D = Non-vault monster count
 E = Vault monster count
 F = Vault count percentage of total count
                 A         B        C        D         E       F
            +---------+---------+-------+---------+---------+-------
      Total |       0 |       0 |   N/A |       0 |       0 |  -nan
            +---------+---------+-------+---------+---------+-------
            +---------+---------+-------+---------+---------+-------
